Cogmind - Beta 12 *** ADVENTURER MODE // 2023.10.21 @ 14:58:25 Player: Occam Result: Destroyed by 8R-AWN with 8R-AWN's Boregun Performance ------------- Evolutions (0) 0 Regions Visited (3) 600 Robots Destroyed (35) 175 Value Destroyed (521) 521 Prototype IDs (25) 500 Alien Tech Used (0) 0 Bonus (-969) -969 TOTAL SCORE: 827 Bonus ------- Aligned with FarCom 300 Friendly Fire -1269 Cogmind --------- Core Integrity 0/250 Matter 17/300 Energy 98/100 System Corruption 0% Temperature Cool (83) Movement Treading (320) Ox2 Location -10/Exiles Parts ------- > --- POWER (1) -------- (None) > --- PROPULSION (2) --- Light Treads > --- UTILITY (2) ------ Heat Sink High-capacity Storage Unit > --- WEAPON (2) ------- Small Laser Light Cannon > --- INVENTORY (20) --- Wheel Medium Storage Unit High-capacity Storage Unit High-capacity Matter Pod (200) High-capacity Matter Pod (200) Targeting Computer Light Cannon Light Cannon Rocket Launcher Rocket Launcher Datajack Peak State ------------ > --- POWER ------------ Ion Engine > --- PROPULSION ------- Improved Aluminum Leg Improved Aluminum Leg > --- UTILITY ---------- High-capacity Storage Unit Seismic Detector > --- WEAPON ----------- Light Cannon Rocket Launcher > --- INVENTORY -------- Light Ion Engine Light Treads Light Treads Light Treads Wheel Heat Sink Medium Storage Unit Large Storage Unit High-capacity Storage Unit Large Matter Pod Signal Interpreter Seismic Detector Targeting Computer Targeting Computer Medium Laser Small Laser Light Cannon Light Cannon Rocket Launcher Datajack [Rating: 12] Favorites ----------- Power Ion Engine Engine Ion Engine Propulsion Light Treads Treads Light Treads Leg Improved Aluminum Leg Wheel Wheel Utility High-capacity Storage Unit Device Seismic Detector Storage High-capacity Storage Unit Processor Signal Interpreter Weapon Light Cannon Energy Gun Medium Laser Ballistic Cannon Light Cannon Launcher Rocket Launcher Build | -11 -10 -10 -10 ------- Run | Jun Mat Min Exi Slots Evolved . | . . . . Power . | . . . . Propulsion . | . . . . Utility . | . . . . Weapon . | . . . . Parts Attached 34 | 7 13 5 9 Power 4 | 1 2 . 1 Engine 4 | 1 2 . 1 Core . | . . . . Reactor . | . . . . Propulsion 10 | 2 5 2 1 Treads 4 | 1 . 2 1 Leg 5 | . 5 . . Wheel 1 | 1 . . . Hover . | . . . . Flight . | . . . . Utility 7 | 2 2 1 2 Device 2 | 1 . . 1 Storage 3 | 1 2 . . Processor 2 | . . 1 1 Hackware . | . . . . Protection . | . . . . Artifact . | . . . . Weapon 13 | 2 4 2 5 Energy Gun 6 | 2 2 . 2 Energy Cannon . | . . . . Ballistic Gun . | . . . . Ballistic Cannon 4 | . 2 1 1 Launcher 3 | . . 1 2 Special Weapon . | . . . . Impact Weapon . | . . . . Slashing Weapon . | . . . . Piercing Weapon . | . . . . Special Melee Weapon . | . . . . Unidentified Prototypes . | . . . . Parts Lost 6 | . . 1 5 Power 2 | . . . 2 Propulsion 3 | . . 1 2 Utility . | . . . . Weapon 1 | . . . 1 Highest Loss Streak 3 | . . 1 3 To Critical Strikes 3 | . . . 3 Average Slot Usage (%) 99 | . 99 99 99 Engine 13 | . 13 14 13 Treads 15 | . . 17 27 Leg 12 | . 27 10 . Device 6 | . 14 4 . Storage 14 | . 14 14 14 Processor 7 | . . 9 13 Energy Gun 5 | . 16 . 1 Ballistic Cannon 17 | . 11 16 26 Launcher 4 | . . 11 . Naked Turns . | . . . . Heaviest Build 53 | 14 52 53 52 Greatest Support 40 | 20 26 40 40 Greatest Overweight (x) 3 | 1 3 3 1 Average Overweight (x) . | . . 1 1 Largest Inventory Capacity 20 | 8 20 20 20 Average Capacity 19 | 7 17 20 20 Most Carried 20 | 4 20 20 20 Average Carried 17 | 2 13 19 19 Final Capacity 20 | 8 20 20 20 Final Carried 20 | 4 20 20 11 Class Distribution -------------------- 100% | Mutant Dominant Class ---------------- Mutant | -10/Materials Mutant | -10/Mines Mutant | -10/Exiles Resources | -11 -10 -10 -10 ----------- Run | Jun Mat Min Exi Matter Collected 1105 | 270 349 135 351 Remotely . | . . . . Salvage Created 782 | 46 516 101 119 Parts 70 | 5 43 10 12 Haulers Intercepted 2 | . 2 . . Recyclers Shooed . | . . . . Parts Field Recycled . | . . . . Retrieved Matter . | . . . . Parts Self-Destructed . | . . . . Prevented . | . . . . Kills | -11 -10 -10 -10 ------- Run | Jun Mat Min Exi Combat Hostiles Destroyed 23 | . 15 8 . Guns 12 | . 12 . . Cannons 9 | . 3 6 . AOE 2 | . . 2 . Classes Destroyed 7 | 1 5 . 1 Builder 1 | . 1 . . Tunneler 3 | 2 . 1 . Hauler 2 | . 2 . . Watcher 3 | . 3 . . Swarmer 15 | . 9 6 . Grunt 10 | . 6 2 2 Assembled 6 | . . . 6 Best Kill Streak 4 | 2 4 4 1 Combat Bots Only 3 | . 3 3 . Max Kills in Single Turn 6 | 1 1 3 6 Gunslinging . | . . . . Exploded 2 | . . 2 . Melee . | . . . . Uniques/NPCs Destroyed 1 | . . . 1 EX-HEX (-10/Exiles) Combat | -11 -10 -10 -10 -------- Run | Jun Mat Min Exi Damage Taken 1278 | . 187 323 768 Core 254 | . 33 65 156 Absorbed by Shields . | . . . . Core Remaining (%) 100 | 100 . . . Volleys Fired 120 | 3 47 24 46 Largest 2 | 2 2 2 2 Hottest 90 | 90 90 70 85 Shots Fired 222 | 6 94 42 80 Gun 117 | 6 76 . 35 Cannon 96 | . 18 36 42 Launcher 9 | . . 6 3 Special . | . . . . Kinetic 96 | . 18 36 42 Thermal 117 | 6 76 . 35 Explosive 9 | . . 6 3 Electromagnetic . | . . . . Robot Hit Streak 28 | 1 11 7 28 Robot Miss Streak 3 | 2 3 1 2 Penetration Max . | . . . . Secondary Targets 2 | . 2 . . Max Gunslinging Chain 1 | . 1 . . Shots Hit Robots 152 | 2 54 26 70 Core Hits 62 | 2 27 7 26 Critical Kills . | . . . . Critical Parts Destroyed . | . . . . Critical Strikes 5 | . 1 1 3 Burn 3 | . 1 . 2 Blast 2 | . . 1 1 Melee Attacks . | . . . . Impact . | . . . . Slashing . | . . . . Piercing . | . . . . Sneak Attacks . | . . . . Combat Hostiles . | . . . . Follow-up Attacks . | . . . . Damage Inflicted 2723 | 25 770 626 1302 Guns 883 | 25 638 . 220 Cannons 1261 | . 130 484 647 Explosions 572 | . . 137 435 Melee . | . . . . Ramming 7 | . 2 5 . Kinetic 1261 | . 130 484 647 Thermal 883 | 25 638 . 220 Explosive 572 | . . 137 435 Electromagnetic . | . . . . Impact . | . . . . Slashing . | . . . . Piercing . | . . . . Highest Corruption . | . . . . Average Corruption . | . . . . Corruption Purged . | . . . . Corruption Blocked . | . . . . Overload Shots . | . . . . Overflow Damage 75 | . . 52 23 Projectiles 46 | . . 46 . Explosions 29 | . . 6 23 Melee . | . . . . Knockbacks 21 | . 1 9 11 Impact . | . . . . Kinetic 20 | . 1 8 11 Secondary 1 | . . 1 . Self-Inflicted Damage 135 | . . 99 36 Shots 6 | . . 5 1 Rammed 1 | . . 1 . Targets Rammed 2 | . 1 1 . Kicked 1 | . 1 . . Crushed . | . . . . Highest Temperature 372 | 60 180 45 372 Average Temperature 102 | 28 50 17 226 Received Heat Transfer 60 | . 36 24 . Effects 6 | . . . 6 Shutdowns 1 | . . . 1 Energy Bleed 1 | . . . 1 Interference 2 | . . . 2 Matter Decay 1 | . . . 1 Damage (minor) 1 | . . . 1 Siege Activations . | . . . . Robots Corrupted . | . . . . Combat Hostiles . | . . . . Parts Fried . | . . . . Impact Corruptions . | . . . . Robots Melted . | . . . . Combat Hostiles . | . . . . Parts Melted 8 | . 5 1 2 Heat Transferred 2085 | 62 1697 . 326 Parts Sabotaged . | . . . . Parts Stolen . | . . . . Parts Stripped . | . . . . Power Chain Reactions . | . . . . Missiles Intercepted . | . . . . Alert | -11 -10 -10 -10 ------- Run | Jun Mat Min Exi Peak Influence 252 | 10 252 195 . Initial 23 | . 5 23 . Average 63 | 2 103 31 . Maximum Alert Level 1 | . 1 . . Low Security (%) 89 | 100 76 100 . Level 1 10 | . 23 . . Level 2 . | . . . . Level 3 . | . . . . Level 4 . | . . . . Level 5 . | . . . . High Security . | . . . . Max Security . | . . . . Squads Dispatched 3 | . 3 . . Investigation 3 | . 3 . . Extermination . | . . . . Reinforcement . | . . . . Assault . | . . . . Garrison . | . . . . Intercept . | . . . . Searches Triggered . | . . . . Construction Impeded . | . . . . Haulers Reinforced . | . . . . Active Scanning Responses . | . . . . Cargo Convoy Interrupts . | . . . . Stealth | -11 -10 -10 -10 --------- Run | Jun Mat Min Exi Distress Signals 1 | . 1 . . Communications Jammed . | . . . . Distress Signals . | . . . . Times Spotted 32 | . 22 8 2 Peak Tracking Total 4 | . 4 3 2 Tactical Retreats 1 | . 1 . . Traps | -11 -10 -10 -10 ------- Run | Jun Mat Min Exi Traps Triggered 4 | . 4 . . Indirectly . | . . . . Trap Hack Attempts . | . . . . Triggered . | . . . . Disarmed . | . . . . Reprogrammed . | . . . . Reused 1 | . . . 1 Traps Extracted . | . . . . Installed 1 | . . . 1 Triggered . | . . . . Most Traps Carried 1 | . . 1 1 Machines | -11 -10 -10 -10 ---------- Run | Jun Mat Min Exi Machines Disabled 5 | . . 2 3 Max in Single Turn 2 | . . 1 2 Machines Repaired . | . . . . Machines Sabotaged . | . . . . Overloaded Fab Kills . | . . . . Hacking | -11 -10 -10 -10 --------- Run | Jun Mat Min Exi Machines Accessed 8 | . 7 . 1 Terminals 6 | . 6 . . Fabricators . | . . . . Repair Stations . | . . . . Recycling Units 1 | . 1 . . Scanalyzers . | . . . . Garrison Access . | . . . . Total Hacks 22 | . 21 . 1 Successful 15 | . 14 . 1 Failed 6 | . 6 . . Catastrophic 1 | . 1 . . Database Lockouts 1 | . 1 . . Manual 15 | . 14 . 1 Terminals 19 | . 19 . . Fabricators . | . . . . Repair Stations . | . . . . Recycling Units 2 | . 2 . . Scanalyzers . | . . . . Garrison Access . | . . . . Terminal Hacks 10 | . 9 . 1 Robot Analysis 3 | . 3 . . Prototype ID Bank 1 | . 1 . . Branch Access Points 1 | . 1 . . Terminal Index 1 | . 1 . . Alert Level 1 | . 1 . . Recall Investigation 1 | . 1 . . Hauler Manifests 1 | . 1 . . EX-Prototype ID Bank 1 | . . . 1 Fabricator Hacks . | . . . . Repair Station Hacks . | . . . . Recycling Unit Hacks 1 | . 1 . . Report Inventory 1 | . 1 . . Scanalyzer . | . . . . Garrison Access Hacks . | . . . . Unauthorized Hacks 4 | . 4 . . Terminals 3 | . 3 . . Botnet 3 | . 3 . . Fabricators . | . . . . Repair Stations . | . . . . Recycling Units 1 | . 1 . . Tunnel 1 | . 1 . . Scanalyzers . | . . . . Garrison Access . | . . . . Data Cores Recovered . | . . . . Used . | . . . . Hacking Detections 5 | . 5 . . Full Trace Events 1 | . 1 . . Feedback Events . | . . . . Feedback Blocked . | . . . . Robot Schematics Acquired . | . . . . Robots Built . | . . . . Authchips . | . . . . Time . | . . . . Total Robot Build Rating . | . . . . Part Schematics Acquired . | . . . . Parts Built . | . . . . Authchips . | . . . . Time . | . . . . Total Part Build Rating . | . . . . Parts Repaired . | . . . . Time . | . . . . Parts Recycled . | . . . . Recycled Matter . | . . . . Retrieved Matter . | . . . . Retrieved Components . | . . . . Parts Scanalyzed . | . . . . Part Schematics Acquired . | . . . . Parts Damaged . | . . . . Bothacking | -11 -10 -10 -10 ------------ Run | Jun Mat Min Exi Used RIF Installer . | . . . . Robots Hacked . | . . . . Non-combat . | . . . . Combat . | . . . . Robot Hacks Applied . | . . . . Relay Couplers Released . | . . . . Fabnet Peak Effective % . | . . . . Robots Rewired . | . . . . Allies Hacked . | . . . . Hacks Repelled . | . . . . Allies | -11 -10 -10 -10 -------- Run | Jun Mat Min Exi Total Allies 3 | . . 3 . Largest Group 3 | . . 3 3 Highest-Rated Group 40 | . . 40 40 Highest-Rated Ally 16 | . . 16 16 Total Orders . | . . . . Ally Attacks 21 | . . 8 13 Total Damage 144 | . . 92 52 Kills 1 | . . . 1 Allies Corrupted . | . . . . Allies Melted . | . . . . Intel | -11 -10 -10 -10 ------- Run | Jun Mat Min Exi Robot Analysis Total 3 | . 3 . . Derelict Logs Recovered 2 | . . 2 . Drone Launches . | . . . . Drone Recoveries . | . . . . Exploration | -11 -10 -10 -10 ------------- Run | Jun Mat Min Exi Turns Passed 4943 | 65 1537 1829 1512 Spaces Moved 2139 | 44 783 744 568 Core 2 | 2 . . . Treads 1031 | 3 . 460 568 Legs 1052 | . 768 284 . Wheels 54 | 39 15 . . Hover . | . . . . Flight . | . . . . Fastest Speed 50 | 50 95 190 240 Average Speed 210 | 95 171 235 240 Slowest Speed 330 | 160 330 330 240 Overloaded Moves . | . . . . Propulsion Burnouts . | . . . . Robots Hopped . | . . . . Cave-ins Triggered . | . . . . Exploration Rate (%) 70 | 4 88 99 89 Regions Visited 3 Branch Regions 2 Pre-discovered Areas 1 | . 1 . . Known Exits Taken 2 | . 1 1 . Unknown Exits Taken 1 | 1 . . . Scrap Searched 2 | . . 2 . Spaces Dug 9 | . . 9 . Terrain Destroyed 56 | . . 41 15 Melee . | . . . . Projectile . | . . . . AOE 56 | . . 41 15 Terrain Rammed . | . . . . Walls Destroyed . | . . . . Machines Disabled . | . . . . Actions | -11 -10 -10 -10 --------- Run | Jun Mat Min Exi Total 2361 | 57 885 777 642 Wait 18 | . 15 3 . Move 2136 | 43 782 743 568 Hop . | . . . . Pick Up 27 | 4 16 1 6 Fast Attach 17 | 7 10 . . Attach 6 | . . 1 5 Detach 6 | . 4 . 2 Swap 11 | . 3 4 4 Drop 17 | . 7 . 10 Fire 120 | 3 47 24 46 Melee . | . . . . Ram . | . . . . Kick 1 | . 1 . . Crush 1 | . . 1 . Escape Stasis . | . . . . Rewire . | . . . . Trap 1 | . . . 1 Miscellaneous . | . . . . Route ------- -11/Junkyard -10/Materials (discovered 3 exits: *Mat x2 / *Min) -10/Mines (discovered 3 exits: *Mat x2 / *Exi) -10/Exiles (discovered 2 exits: *Min x2) History --------- Turn | Location | Event 11 | -11/Junkyard | Discovered new exit (range 16) 66 | -11/Junkyard | Entered Materials 307 | -10/Materials | Build established: Mutant 330 | -10/Materials | Discovered new exit (range 6) 347 | -10/Materials | Discovered new exit (range 15) 587 | -10/Materials | Identified exit to Mines 587 | -10/Materials | Central database locked down 629 | -10/Materials | Discovered new exit (range 16) 1603 | -10/Materials | Entered Mines 1644 | -10/Mines | Discovered new exit (range 11) 2116 | -10/Mines | Discovered new exit (range 10) 2146 | -10/Mines | Identified exit to Materials 2261 | -10/Mines | Excavation squad dispatched 2261 | -10/Mines | A large section of the Mines collapsed 2330 | -10/Mines | Learned Materials interactive machine intel 2361 | -10/Mines | Found a hidden stash of uninstalled traps 2559 | -10/Mines | Assisted by bots powering up and referring to "LRC-V3" 3420 | -10/Mines | Deemed a non-threat by the Exiles lab entrance 3422 | -10/Mines | Discovered new exit (range 5) 3429 | -10/Mines | Identified exit to Exiles 3432 | -10/Mines | Entered Exiles 3432 | -10/Exiles | Accompanied by 3 allies 3433 | -10/Exiles | Identified exit to Mines 3583 | -10/Exiles | Met 8R-AWN 3624 | -10/Exiles | Met EX-HEX 3696 | -10/Exiles | Met EX-BIN 3730 | -10/Exiles | Aligned with FarCom system 3732 | -10/Exiles | Given EX-Vault access code 3790 | -10/Exiles | Opened EX-Vault 3855 | -10/Exiles | Warned to stay clear of 0b10 Research branches 3929 | -10/Exiles | Met EX-DEC 4002 | -10/Exiles | Visited The Gauntlet 4785 | -10/Exiles | Warned about trapping Exiles lab 4803 | -10/Exiles | Attacked by the Exiles 4811 | -10/Exiles | Destroyed EX-HEX 4842 | -10/Exiles | Core integrity fell below 50% 4901 | -10/Exiles | Lost 3 parts (1p1n1w) 4907 | -10/Exiles | Core integrity fell below 20% 4944 | -10/Exiles | Destroyed by 8R-AWN with 8R-AWN's Boregun Last Messages --------------- 04902_ Targeting Computer temporarily disabled. 04904_ 8R-AWN knocked back. 04906_ Penetrated by HV Slug. 04910_ 8R-AWN knocked back. 04913_ Penetrated by HV Slug. 04917_ Overheating: Matter decay (-17). 04917_ Penetrated by HV Slug. 04922_ Discarded Targeting Computer. 04922_ Penetrated by HV Slug. 04922_ Critical hit (Destroy). 04922_ Lgt. Treads destroyed. 04924_ 8R-AWN Prototype Device blasted off. 04924_ 8R-AWN knocked back. 04927_ Penetrated by HV Slug. 04927_ Critical hit (Destroy). 04927_ Lgt. Ion Engine destroyed. 04931_ Penetrated by HV Slug. 04939_ HV Slug penetrates Wall. 04940_ Wall collapses. 04944_ Penetrated by HV Slug. Map ----- +----------------------------------------------------+ | #" """#???????????????????????????????? | | #" """#???????????????????????????????? | | #" """#???????????????????????????????? | | #" """#???????????????????????????????? | | #" """#???????????????????????????????? | | ## """"???????????????????????????????? | | ?# """#???????????????????????????????? | | ?#" "X" """????????????????????????????????? | | ?#" """ #???????????????????????????????? | | ?#" """""""""#???????????????????????????????? | | ##" ###########???????????????????????????????? | | #"" #?????????????????????????????????????????? | | "" #?????????????????????????????????????????? | | "" ##????????????????????????????????????????? | | "" ##???###########?????????????????????????? | | " #####"""""""""##????????????????????????? | | " """ """"##???????????????????????? | | " " #???????????????????????? | | """#???????????????????????? | | "a"#???????????#####???????? | | " "##?????????##" #???????? | | ""###???????#" #???????? | | """"" """#??????##" ##??????? | | ####""" "#????### ###????? | | ???#####""" ###??# ###### | | ???????##"" @ ;#?## #"""" | | ????????#"""" !%=%!%;## | | ????????#" !! = = !g%% ## | | #??????#"""" !%! =% % ** #### | | #????"" !! % ""#?#"""""#### | | "??" ; ##?#######??## | | ? ;#;;##????????????? | | ? ###?##?????????????? | | " ##??????????????????? | | " ? "" """ "#???????????????????? | | "??? ##""" " " ""#" % "##???????????????????? | | #??????####""" """## #????????????????????? | | ??????????###""""#?# # ##????????????????????? | | ????????????####???# # #?????????????????????? | | ???????????????????#########?????????????????????? | | ?????????????????????????????????????????????????? | | ?????????????????????????????????????????????????? | | ?????????????????????????????????????????????????? | | ?????????????????????????????????????????????????? | | ?????????????????????????????????????????????????? | | ?????????????????????????????????????????????????? | | ?????????????????????????????????????????????????? | | ?????????????????????????????????????????????????? | | ?????????????????????????????????????????????????? | | ?????????????????????????????????????????????????? | +----------------------------------------------------+ Best States ------------- Heat Dissipation 35 Energy Generation 10 Energy Capacity 250 Matter Stores 300 Matter Capacity 300 Sight Range 16 Terrain Scan Density 10 Resistance: KI 20 Resistance: TH 20 Resistance: EX 20 Resistance: EM 20 Resistance: I 20 Resistance: S 20 Resistance: P 20 Evasion (%) 55 Targeting Accuracy 5 Recoil Reduction 2 Offensive Hacking 10 Item Schematics ----------------- None Robot Schematics ------------------ None Fabricated ------------ Nothing Alien Tech Used ----------------- None Achievements -------------- None Challenges ------------ None Game ------ Seed GyrokineticAuthchipGun Manual? 0 Play Time 00:24:58 Cumulative 114.0 hours Start 2023.10.21 @ 14:35:11 End 2023.10.21 @ 14:58:25 Sessions 1 Manual Loads 0 Difficulty Adventurer Special Mode None Game No. 100 Rogue 0 Adventurer 100 Explorer 0 Win Type - Total 1 Types 1/0/0/0/0/0/0/0/0 Lore% 52 Gallery% 53 Achievement% 46 Wizard Run 0 Options --------- ASCII 0 Keyboard 0 Movement Mouse Keybinds 0 Fullscreen 2 Font 20/SmallcapsGlow Map View 66x50 Tactical HUD 1 Map Filters NONE Filters NONE Steam X RUN: 6eb0b041-4b35-4d2f-bb0b-2fd860fb61db